Map: Tokamak LE

Players

vampire

  • Race: Protoss Protoss
  • Spawn Location: 1:00

gerter - Winner!

  • Race: Protoss Protoss
  • League: Master
  • Spawn Location: 7:00

VOD

Have the link to the VOD?

Description

i won with this build order, if anyone wants, here it is
supply action time

14/15 pylon 0:23

16/23 assimilator 0:48

16/23 gateway 0:52

20/23 nexus the second 1:36

20/23 assimilator 1:38

20/23 cybercore 1:47

20/23 pylon 1:51

25/31 ellie the adept 2:23

25/31 warpgate 2:25

25/31 battery(i have not used it that game lol) 2:32

25/31 pylon 2:39

27/54 gateway 2:59

28/54,29/54 forge x2 3:08

33/54 sir snate, the sentry 3:14

35/54 pgwl1 3:33

37/54 starker the stalker 3:37

37/54 psl1 3:40

43/54 nexus the third 4:14

47/54 assimilator 4:38

49/54,51/54,53/54 gary, maty, and lins the stalkers 4:54,4;54,5:18

53/69 pylon 5:27

53/69 gateway x2 5:29,5:30

53/69 assimilator 5:30

55/69 gateway x2 5:37,5:38

then you want to start massing stalkers

Time

  • Played on: May 31, 2025, 3:05 a.m.
  • Length: 18:01
Show
View Real Time Build Order
Export as new Build Order

vampire Protoss 

Build Orders:  

Get SALT Encoding   

  12  0:00  Probe  
  13  0:12  Probe  
  14  0:18  Pylon  
  14  0:24  Probe  
  15  0:30  Assimilator  
  15  0:37  Probe  
  16  0:49  Probe  
  17  1:01  Probe  
  18  1:13  Nexus  
  18  1:21  Gateway  
  18  1:50  Forge  
  18  1:54  Pylon  
  18  2:02  Pylon  
  18  2:05  Pylon  
  18  2:13  Cybernetics Core  
  18  2:19  Probe  
  19  2:25  Assimilator  
  19  2:31  Probe  
  19  2:34  Probe  
  21  2:43  Probe  
  22  2:46  Probe  
  23  2:53  Adept  
  23  2:55  Probe  
  23  2:58  Probe  
  27  3:10  Probe  
  28  3:13  Stargate  
  28  3:21  Photon Cannon  
  28  3:22  Probe  
  28  3:23  Adept  
  31  3:32  Photon Cannon  
  31  3:34  Probe  
  32  3:46  Probe  
  33  3:58  Twilight Council, Probe  
  34  4:10  Probe  
  35  4:23  Probe, Stalker  
  36  4:25  Nexus  
  38  4:50  Stalker  
  38  5:09  Pylon  
  38  5:11  Pylon  
  38  5:13  Pylon  
  38  5:17  Stalker  
  38  5:18  Protoss Ground Weapons Level 1  
  38  5:21  Phoenix  
  42  5:45  Stalker  
  42  5:46  Phoenix  
  46  5:59  Gateway  
  46  6:05  Fleet Beacon  
  46  6:08  Pylon  
  46  6:10  Pylon  
  46  6:11  Probe, Phoenix  
  49  6:13  Photon Cannon  
  49  6:15  Photon Cannon  
  49  6:17  Photon Cannon  
  49  6:19  Photon Cannon  
  49  6:23  Probe  
  50  6:32  Robotics Facility  
  50  6:35  Probe  
  51  6:44  Stalker  
  51  6:46  Stalker  
  51  6:47  Probe  
  56  6:59  Probe  
  57  7:11  Stalker  
  59  7:27  Nexus  
  59  7:39  Stalker  
  61  7:55  Probe  
  61  7:57  Probe  
  63  8:00  Assimilator  
  63  8:04  Assimilator  
  63  8:06  Tempest, Stalker  
  63  8:07  Probe  
  63  8:09  Probe  
  71  8:19  Probe  
  72  8:21  Probe  
  72  8:24  Assimilator  
  73  8:27  Assimilator  
  73  8:28  Protoss Ground Weapons Level 2  
  73  8:31  Probe  
  73  8:33  Probe, Stalker  
  75  8:40  Pylon  
  77  8:42  Pylon  
  77  8:43  Probe  
  77  8:44  Pylon  
  77  8:45  Probe  
  77  8:46  Probe  
  80  8:49  Tempest  
  80  8:55  Probe  
  85  8:58  Probe  
  85  9:02  Observer  
  87  9:03  Stalker  
  87  9:04  Stalker  
  87  9:07  Probe  
  92  9:10  Probe  
  93  9:19  Observer  
  93  9:20  Photon Cannon  
  93  9:22  Photon Cannon, Probe  
  95  9:25  Photon Cannon  
  95  9:27  Photon Cannon  
  95  9:30  Stalker  
  95  9:34  Probe  
  98  9:40  Carrier  
  104  9:46  Probe  
  104  9:47  Sentry  
  107  9:57  Stalker  
  107  9:58  Assimilator, Probe  
  108  10:00  Assimilator  
  110  10:09  Sentry  
  110  10:10  Probe  
  110  10:12  Pylon  
  113  10:16  Pylon  
  113  10:18  Pylon  
  113  10:20  Pylon, Observer  
  113  10:21  Photon Cannon  
  113  10:22  Probe  
  113  10:23  Photon Cannon  
  114  10:35  Probe  
  115  10:44  Carrier  
  115  10:47  Probe  
  130  10:59  Mothership  
  130  11:05  Templar Archives  
  128  12:22  Tempest  
  128  12:29  Stargate  
  132  12:33  Stargate  
  132  12:35  Pylon  
  132  12:37  Pylon  
  132  12:40  Psionic Storm  
  132  12:43  High Templar  
  134  12:49  High Templar  
  136  13:05  Tempest  
  140  13:23  High Templar  
  142  13:28  Tempest, High Templar  
  142  13:29  Tempest  
  152  13:48  Tempest  
  154  14:11  Tempest  
  158  14:31  Tempest  
  106  14:50  Stalker x2  
  90  14:53  Tempest  
  98  15:00  Gateway  
  98  15:01  Gateway  
  98  15:04  Blink  
  98  15:05  Protoss Ground Weapons Level 3  
  98  15:13  Tempest  
  102  15:15  Forge  
  102  15:17  Stalker x2  
  106  15:36  Tempest  
  110  15:44  Stalker  
  110  15:45  Stalker  
  114  16:02  High Templar  
  116  16:08  Carrier  
  122  16:11  Stalker  
  122  16:12  Stalker  
  122  16:15  Tempest  
  130  16:19  Tempest  
  134  16:35  Cybernetics Core  
  134  16:39  Stalker x2  
  134  16:41  High Templar  
  134  16:43  High Templar  
  142  16:58  Tempest  
  146  17:02  Tempest  
  128  17:20  High Templar  
  128  17:22  High Templar  
Show
View Real Time Build Order
Export as new Build Order

gerter Protoss - Winner!

Build Orders:  

Get SALT Encoding   

  12  0:00  Probe  
  13  0:22  Pylon  
  13  0:27  Probe  
  14  0:39  Probe  
  15  0:50  Gateway  
  15  0:51  Probe  
  16  1:03  Probe  
  17  1:24  Probe  
  18  1:28  Assimilator  
  18  1:33  Nexus  
  18  1:36  Probe  
  19  1:40  Cybernetics Core  
  19  1:48  Probe  
  20  2:00  Probe  
  21  2:01  Assimilator  
  21  2:09  Pylon  
  21  2:12  Probe  
  22  2:24  Probe  
  22  2:27  Warp Gate, Adept  
  25  2:33  Shield Battery  
  25  2:37  Shield Battery  
  25  2:41  Probe  
  26  2:53  Probe  
  26  2:58  Probe  
  28  2:59  Stalker  
  30  3:05  Probe  
  30  3:10  Probe  
  32  3:17  Probe  
  33  3:22  Probe  
  33  3:25  Nexus  
  34  3:29  Sentry  
  34  3:30  Probe  
  37  3:34  Probe  
  38  3:44  Pylon  
  38  3:47  Twilight Council  
  38  3:56  Pylon  
  38  4:11  Probe  
  38  4:16  Gateway  
  39  4:18  Gateway  
  39  4:21  Gateway  
  39  4:22  Probe  
  39  4:23  Probe  
  39  4:24  Robotics Facility  
  41  4:35  Probe x2  
  43  4:39  Probe  
  43  4:44  Assimilator  
  44  4:46  Adept  
  44  4:47  Probe x2  
  44  4:51  Probe  
  49  5:03  Probe  
  50  5:13  Probe  
  51  5:15  Probe  
  51  5:16  Probe  
  53  5:25  Assimilator, Probe  
  53  5:27  Probe  
  55  5:28  Warp Prism, Probe  
  55  5:32  Stalker  
  55  5:33  Stalker x3  
  66  5:37  Probe  
  66  5:40  Probe  
  68  5:54  Probe  
  69  6:01  Probe  
  70  6:04  Probe  
  70  6:06  Probe  
  70  6:08  Stalker  
  70  6:09  Stalker  
  76  6:12  Blink  
  76  6:13  Pylon, Probe  
  76  6:15  Pylon x2  
  77  6:18  Pylon  
  77  6:20  Pylon  
  77  6:23  Pylon  
  77  6:31  Assimilator, Probe x3  
  80  6:43  Probe x3  
  83  6:55  Probe x3  
  83  7:00  Nexus  
  84  7:07  Probe x3  
  85  7:09  Stalker x4  
  93  7:19  Probe  
  93  7:21  Forge  
  94  7:23  Forge  
  94  7:27  Assimilator  
  93  7:38  Probe  
  94  7:46  Stalker  
  94  7:47  Stalker x3  
  102  7:52  Pylon  
  102  7:54  Pylon  
  102  8:07  Nexus  
  102  8:16  Pylon  
  102  8:17  Pylon  
  102  8:18  Pylon x2, Protoss Ground Weapons Level 1, Protoss Shields Level 1  
  102  8:24  Pylon x2  
  102  8:35  Probe  
  102  8:38  Probe  
  104  8:42  Stalker x4  
  112  8:50  Gateway x2  
  112  8:52  Gateway  
  112  8:57  Gateway  
  112  9:01  Gateway  
  112  9:16  Stalker  
  112  9:17  Stalker x3  
  120  9:41  Charge  
  120  9:57  Stalker x3  
  120  9:58  Stalker x5  
  136  10:13  Observer  
  137  10:26  Stalker x2  
  137  10:27  Stalker x4  
  137  10:28  Stalker x2  
  151  10:55  Stalker x2  
  151  10:56  Stalker x4  
  151  10:57  Stalker x2  
  165  11:28  Stalker x2  
  165  11:29  Stalker x5  
  165  11:30  Stalker  
  165  11:31  Protoss Shields Level 2, Protoss Ground Weapons Level 2  
  179  12:06  Zealot x2  
  179  12:07  Zealot x5  
  193  12:08  Zealot  
  195  12:28  Zealot  
  195  12:29  Zealot  
  199  12:44  Forge  
  199  12:56  Probe  
  200  13:10  Assimilator  
  200  13:15  Assimilator  
  200  14:06  Protoss Ground Weapons Level 3  
  200  14:07  Protoss Shields Level 3  
  200  14:08  Protoss Ground Armor Level 1  
  200  14:18  Pylon  
  200  14:19  Pylon  
  200  14:21  Pylon  
  186  14:32  Stalker  
  186  14:33  Stalker x2  
  186  14:34  Stalker  
  186  14:35  Stalker  
  186  14:36  Stalker x2  
  186  14:37  Stalker  
  175  14:56  Stalker x2  
  175  14:57  Stalker x2  
  175  14:58  Stalker  
  175  14:59  Stalker  
  187  15:00  Stalker x2  
  191  15:31  Observer  
  192  15:37  Stalker x4  
  200  16:06  Nexus  
  182  17:17  Stalker x3  
  182  17:18  Stalker x4  
  182  17:19  Stalker  
  182  17:45  Stalker x4  
  182  17:46  Stalker x3  
  182  17:47  Stalker  
Tags
 
League
Master
Matchup
PvP
Spawn Locations
Cross Positions
Add a new tag
Caveats
  • Supply blocks, unpowered buildings, or Contaminate may cause inaccurate times.
  • Supply counts are checked every 10 seconds.